Map: Rifts to Korhal

Players

sinobijason

  • Race: Terran Terran

Dresung

  • Race: Protoss Protoss
  • Spawn Location: 7:00

VOD

Have the link to the VOD?

Description

Han & Horner

Time

  • Played on: Dec. 31, 2019, 3:39 a.m.
  • Length: 21:31
Show
View Real Time Build Order
Export as new Build Order

sinobijason Terran 

Build Orders:  

Get SALT Encoding   

  12  0:05  Starport Tech Lab  
  12  0:09  SCV  
  13  0:26  SCV  
  13  0:29  Supply Depot  
  15  0:43  SCV  
  16  1:02  Assault Galleon  
  16  1:04  SCV  
  17  1:21  SCV  
  17  1:38  Refinery, SCV  
  18  1:55  SCV  
  19  2:06  Assault Galleon  
  20  2:10  Reaper  
  20  2:12  SCV  
  21  2:20  Reaper  
  21  2:29  SCV  
  23  2:32  Reaper  
  24  2:41  Reaper  
  24  2:46  SCV  
  26  2:55  Refinery  
  27  3:03  SCV  
  28  3:20  SCV  
  28  3:26  Engineering Bay  
  28  3:27  Supply Depot  
  28  4:20  Reaper x2  
  28  4:27  SCV  
  32  4:44  SCV  
  32  4:50  Command Center  
  32  4:52  Armory  
  33  5:01  SCV  
  33  5:18  SCV  
  34  5:20  Assault Galleon  
  34  5:22  Assault Galleon  
  34  5:24  Assault Galleon  
  32  6:17  Reaper  
  32  6:18  Reaper  
  30  6:27  Reaper x2  
  32  6:31  Reaper x2  
  32  6:32  Reaper  
  32  6:37  Reaper  
  36  6:40  Refinery  
  36  6:47  SCV  
  38  6:54  SCV  
  38  7:02  Fusion Core  
  38  7:04  SCV  
  39  7:11  SCV  
  39  7:13  Armory  
  39  7:16  Refinery  
  40  7:21  SCV  
  40  7:28  SCV  
  41  7:38  SCV  
  43  7:44  SCV  
  43  7:55  SCV  
  43  7:58  Reaper x2  
  43  7:59  Reaper x3  
  48  8:01  SCV  
  48  8:08  Reaper x2  
  48  8:09  Reaper x3  
  53  8:18  SCV  
  55  8:21  SCV  
  55  8:35  SCV  
  55  8:38  SCV  
  51  8:43  Reaper x4  
  51  8:44  Reaper  
  48  8:52  SCV  
  48  8:53  Reaper x4  
  48  8:54  Reaper  
  48  8:55  SCV  
  54  9:03  Reaper x5  
  54  9:09  SCV  
  59  9:12  SCV  
  59  9:17  Tactical Jump  
  59  9:26  SCV  
  59  9:29  SCV  
  61  9:50  Overcharged Reactor  
  61  9:56  LE9 Cluster Charges  
  61  10:15  Supply Depot  
  61  10:16  Supply Depot x2  
  61  10:18  Supply Depot  
  61  10:20  Unregistered Cloak System  
  61  10:49  Horner Armor Level 1  
  71  10:50  Horner Weapons Level 1  
  63  11:03  Drone Hangar x5  
  63  11:19  SCV  
  64  11:29  Strike Fighter Platform  
  70  11:30  Strike Fighter Platform  
  70  11:34  Supply Depot  
  70  11:35  Strike Fighter Platform  
  70  11:36  SCV  
  71  11:42  Trigger Override  
  72  11:53  SCV  
  72  12:33  Reaper  
  72  12:34  Reaper x4  
  77  12:43  Reaper  
  77  12:44  Reaper x4  
  82  12:51  Supply Depot  
  82  12:53  Reaper x2  
  82  12:54  Reaper x3  
  87  13:03  Supply Depot  
  81  14:01  Reaper x2  
  81  14:02  Reaper x3  
  86  14:11  Reaper x2  
  86  14:12  Reaper x3  
  92  14:21  Reaper x3  
  92  14:22  Reaper x2  
  92  14:24  Asteria Wraith, SCV  
  92  14:25  Asteria Wraith  
  113  15:59  Asteria Wraith  
  121  18:54  Horner Weapons Level 2  
  116  19:23  Reaper x5  
  119  19:33  Reaper x5  
  124  19:42  Reaper  
  124  19:43  Reaper x4  
  127  19:52  Reaper  
  127  19:53  Reaper x4  
  131  20:11  Reaper x5  
  131  20:17  Jetpack Overdrive  
  136  20:21  Reaper x5  
  141  20:30  Asteria Wraith  
  141  20:31  Reaper x5  
Show
View Real Time Build Order
Export as new Build Order

Dresung Protoss 

Build Orders:  

Get SALT Encoding   

  12  0:05  Probe (Chrono Boost)  
  13  0:26  Probe (Chrono Boost)  
  14  0:31  Assimilator  
  14  0:39  Probe (Chrono Boost)  
  15  0:50  Assimilator  
  15  0:52  Probe (Chrono Boost)  
  16  1:05  Probe (Chrono Boost)  
  17  1:18  Probe (Chrono Boost)  
  18  1:31  Probe (Chrono Boost)  
  18  1:34  Pylon  
  19  1:42  Pylon  
  19  1:44  Probe (Chrono Boost)  
  20  1:53  Pylon  
  20  1:57  Probe (Chrono Boost)  
  21  2:09  Probe (Chrono Boost)  
  22  2:22  Probe (Chrono Boost)  
  23  2:33  Gateway  
  23  2:35  Probe (Chrono Boost)  
  23  2:38  Gateway  
  24  2:48  Probe (Chrono Boost)  
  25  3:01  Probe (Chrono Boost)  
  25  3:03  Gateway  
  26  3:14  Probe (Chrono Boost)  
  26  3:19  Gateway  
  27  3:32  Gateway  
  27  3:43  Cybernetics Core  
  27  3:59  Forge  
  27  4:04  Forge  
  27  4:41  Twilight Council  
  27  4:47  Robotics Facility  
  27  4:54  Robotics Facility  
  27  5:02  Probe (Chrono Boost)  
  28  5:17  Gateway  
  28  5:21  Gateway  
  28  5:47  Charge  
  28  6:24  Robotics Bay  
  28  6:42  Protoss Ground Weapons Level 1  
  28  6:47  Whirlwind  
  28  6:54  Nexus  
  28  7:02  Assimilator  
  28  7:09  Assimilator  
  28  7:18  Protoss Ground Armor Level 1  
  28  8:17  Singularity Charge  
  29  8:22  Probe (Chrono Boost)  
  29  8:35  Probe (Chrono Boost)  
  29  8:39  Probe (Chrono Boost)  
  31  8:48  Probe (Chrono Boost)  
  32  8:56  Probe (Chrono Boost)  
  32  8:58  Improved Barrier  
  33  9:01  Probe (Chrono Boost)  
  35  9:13  Probe (Chrono Boost)  
  35  9:14  Probe (Chrono Boost)  
  35  9:17  Trillic Compresion Mesh  
  36  9:23  Protoss Ground Weapons Level 2  
  36  9:24  Protoss Ground Armor Level 2  
  36  9:27  Probe (Chrono Boost)  
  38  9:30  Probe (Chrono Boost)  
  38  9:47  Probe (Chrono Boost)  
  39  9:55  Probe (Chrono Boost)  
  40  10:04  Probe (Chrono Boost)  
  42  10:12  Probe (Chrono Boost)  
  42  10:17  Zealot  
  42  10:18  Zealot x3  
  42  10:19  Zealot x3  
  57  10:21  Probe (Chrono Boost)  
  57  10:22  Dragoon  
  57  10:24  Dragoon  
  57  10:29  Probe (Chrono Boost)  
  62  10:38  Probe (Chrono Boost)  
  63  10:46  Probe (Chrono Boost)  
  64  10:52  Dragoon x2  
  64  10:54  Dragoon  
  64  10:55  Probe (Chrono Boost), Dragoon  
  74  11:03  Probe (Chrono Boost)  
  74  11:07  Dragoon  
  74  11:09  Zealot  
  78  11:10  Zealot  
  80  11:27  Zealot x3  
  86  11:31  Dragoon  
  88  11:48  Protoss Ground Weapons Level 3  
  88  11:50  Protoss Ground Armor Level 3  
  88  11:57  Zealot x3  
  88  11:58  Zealot  
  88  11:59  Dragoon  
  98  12:02  Dragoon  
  101  12:13  Probe (Chrono Boost)  
  102  12:30  Probe (Chrono Boost)  
  102  13:25  Dragoon x2  
  102  13:26  Dragoon x2  
  102  13:27  Zealot  
  102  13:28  Zealot x2  
  102  13:29  Zealot x3  
  122  13:30  Zealot x2  
  102  14:17  Zealot  
  102  14:18  Zealot x4  
  102  14:19  Zealot x2  
  108  14:20  Zealot x3  
  108  14:21  Zealot x3  
  114  14:50  Protoss Shields Level 1  
  112  16:14  Dragoon x4  
  112  16:15  Dragoon  
  112  16:16  Zealot  
  112  16:17  Zealot x3  
  112  16:18  Zealot  
  132  16:22  Immortal  
  132  16:23  Immortal x2  
  132  16:24  Immortal  
  132  16:25  Immortal  
  132  16:27  Immortal  
  156  16:49  Zealot  
  158  16:50  Zealot x3  
  158  16:51  Zealot  
  158  16:52  Zealot  
  156  17:21  Zealot  
  156  17:22  Zealot x4  
  156  17:23  Zealot x3  
  162  17:34  Protoss Shields Level 2  
  162  17:39  Observer  
  163  17:40  Observer  
  164  17:52  Immortal  
  164  17:54  Immortal  
  172  18:11  Protoss Air Armor Level 1  
  172  19:17  Zealot x3  
  172  19:18  Zealot x3  
  172  19:19  Zealot x2  
  188  19:20  Dragoon  
  188  19:21  Dragoon x3  
  188  19:22  Dragoon x2  
  180  21:11  Zealot x2  
  180  21:12  Zealot x3  
  180  21:13  Zealot x2  
  180  21:14  Dragoon x2  
  180  21:15  Dragoon  
Tags
 
Add a new tag
Caveats
  • Supply blocks, unpowered buildings, or Contaminate may cause inaccurate times.
  • Supply counts are checked every 10 seconds.